 Dungeon Crawl Stone Soup version 0.30-a0-778-g2ef04afb54 (webtiles) character file.

Game seed: 130879190864431366

3868 mistaj the Grappler (level 10, -4/56 HPs)
             Began as a Vine Stalker Fighter on Feb 15, 2023.
             Was an Initiate of Gozag.
             Slain by a hornet (9 damage)
             ... on level 7 of the Dungeon.
             The game lasted 00:14:35 (7318 turns).

mistaj the Grappler (Vine Stalker Fighter)          Turns: 7318, Time: 00:14:36

Health: -4/56      AC:  9    Str: 23    XL:     10   Next: 19%
Magic:  0/10       EV:  8    Int:  6    God:    Gozag
Gold:   882        SH: 10    Dex: 14    Spells: 9/9 levels left

rFire   . . .      SeeInvis .      - Unarmed
rCold   . . .      Faith    .    w - +0 kite shield
rNeg    . . .      Spirit   +    b - +3 scale mail {rC+}
rPois   +          Reflect  .    (no helmet)
rElec   .          Harm     .    (no cloak)
rCorr   .          Rampage  .    (no gloves)
Will    +....                    (no boots) Stlth
                                 i - amulet of the acrobat
HPRegen 1.09/turn                A - ring of poison resistance
MPRegen 0.12/turn                (no ring)

@: lethally poisoned (-4 -> -7), gold aura
A: fangs 3, regeneration 1, magic shield, antimagic bite, no potion heal 2,
dopey 1, low MP 1, poison resistance, cold vulnerability 1
a: Renounce Religion, Potion Petition, Call Merchant, Bribe Branch


You were on level 7 of the Dungeon.
You worshipped Gozag.
Gozag was pleased with you.
You visited 2 branches of the dungeon, and saw 9 of its levels.
You also visited: Sewer.

You collected 990 gold pieces.
You paid 108 gold pieces to Gozag.

Inventory:

Hand Weapons
 B - a +1 broad axe of venom
Armour
 b - a +3 scale mail of cold resistance (worn)
 w - a +0 kite shield (worn)
 C - +1 swamp dragon scales
Jewellery
 i - an amulet of the acrobat (around neck)
 k - a ring of positive energy
 o - an amulet of magic regeneration
 t - a ring of ice
 A - a ring of poison resistance (left hand)
Wands
 x - a wand of flame (26)
Scrolls
 d - 5 scrolls of teleportation
 g - 3 scrolls of enchant armour
 j - 4 scrolls of identify
 l - a scroll of silence
 m - a scroll of fog
 p - 4 scrolls of blinking
 r - a scroll of butterflies {unknown}
 u - a scroll of enchant weapon
 v - a scroll of fear {unknown}
 z - a scroll of magic mapping
Potions
 a - a potion of cancellation
 c - 3 potions of might
 e - a potion of invisibility {unknown}
 f - 3 potions of curing
 h - 3 potions of degeneration {unknown}
 n - 3 potions of brilliance {unknown}
 q - a potion of berserk rage {unknown}
 s - 2 potions of haste {unknown}


   Skills:
 + Level 8.1 Fighting
 - Level 2.4 Armour
 + Level 8.1 Shields
 + Level 8.6 Unarmed Combat


You had 9 spell levels left.
You didn't know any spells.
Your spell library contained the following spells:

 Spells                   Type           Power      Damage    Failure   Level
 Necrotise                Necr           0%         1d4       97%         1
 Blink                    Tloc           0%         N/A       99%         2
 Cigotuvi's Dreadful Rot  Necr/Pois/Air  0%         N/A       99%         2
 Ensorcelled Hibernation  Hex/Ice        0%         N/A       99%         2
 Passwall                 Tmut/Erth      0%         N/A       99%         2
 Poisonous Vapours        Pois/Air       0%         N/A       99%         2
 Dazzling Flash           Conj/Hex       0%         N/A       100%        3
 Kindle Blastsparks       Fire/Tloc/Air  0%         2d10      100%        3
 Mephitic Cloud           Conj/Pois/Air  0%         N/A       100%        3
 Portal Projectile        Hex/Tloc       0%         N/A       100%        3
 Swiftness                Air            0%         N/A       100%        3
 Tukima's Dance           Hex            0%         N/A       100%        3
 Vampiric Draining        Necr           0%         2d6       100%        3
 Iskenderun's Mystic Bla  Conj/Tloc      0%         2d3       100%        4
 Manifold Assault         Tloc           0%         N/A       100%        4
 Agony                    Necr           0%         N/A       100%        5
 Blade Hands              Tmut           0%         N/A       100%        5
 Dispersal                Tloc           0%         N/A       100%        6
 Starburst                Conj/Fire      0%         6d3       100%        6
 Malign Gateway           Summ/Tloc      0%         N/A       100%        7
 Disjunction              Tloc           0%         N/A       100%        8


Dungeon Overview and Level Annotations

Branches:
Dungeon (8/15)             Temple (1/1) D:5           Sewer (visited)
   Lair: D:8-11

Altars:
Ashenzari
Cheibriados
Dithmenos
Elyvilon
Fedhas
Gozag
Hepliaklqana
Kikubaaqudgha
Makhleb
Nemelex Xobeh
Okawaru
Qazlal
Ru
Sif Muna
Trog
Uskayaw
Vehumet
Wu Jian
Xom
Yredelemnul
Zin
The Shining One

Shops:
D:1 *   D:3 ??


Innate Abilities, Weirdness & Mutations

You have razor-sharp teeth.
Your natural rate of healing is unusually fast.
When hurt, damage is shared between your health and your magic reserves.
Your bite disrupts and absorbs the magic of your enemies.
Potions cannot restore your health.
You are dopey. (Int -2)
Your magical capacity is low. (-10% MP)
Your system is resistant to poisons. (rPois)
You are vulnerable to cold. (rC-)


Message History

The hornet stings you.
You punch the hornet! Your bite misses the hornet.
The hornet is severely wounded.
You block the hornet's attack. x2
You hit the hornet. Your bite misses the hornet.
The hornet is severely wounded.
The hornet stings you.
You completely miss the hornet. Your bite misses the hornet.
The hornet is severely wounded.
You block the hornet's attack. The hornet barely misses you.
You miss the hornet. Your bite misses the hornet.
The hornet is severely wounded.
The hornet stings you.
You feel yourself slow down.
You closely miss the hornet.
The hornet is severely wounded.
You block the hornet's attack. The hornet barely misses you.
You barely miss the hornet.
The hornet is severely wounded.
You feel yourself speed up. You block the hornet's attack.
The hornet stings you!
* * * LOW HITPOINT WARNING * * *
You are poisoned.
You feel yourself slow down. The hornet stings you.
* * * LOW HITPOINT WARNING * * *
You are more poisoned.
You closely miss the hornet.
The hornet is severely wounded.
* * * LOW HITPOINT WARNING * * *
You feel extremely sick.
The hornet stings you but does no damage.
You block the hornet's attack.
You hit the hornet. Your bite misses the hornet.
The hornet is almost dead.
You feel yourself speed up.
* * * LOW HITPOINT WARNING * * *
You feel very sick.
The hornet stings you but does no damage.
The hornet stings you!
You die...
Your body crumbles into a pile of gold.

#.##.#.#####.# ##...####
#.#.### ##.##.#.#####.#
#.......# #.#.###
..............###....##.#
#......
#.##..##########......#.#
###.### #.##..#
#......#.# #.... #.....#
######......#.# #####
####.## ##...........#.#
# ####.# #.....$.y......#
# .....#
#..####@......###### #
######
#....##..#.........#
#.##.##..#..#.#....#
#........#.##.#...##
####.###.#.##.##.## #.#
#......##.## #.#
#.....###..# #####.#
#.....# ##.# #.....#
#.....# #.#


You could see a hornet.

Vanquished Creatures
  Maggie (D:6)
  3 yaks (D:7)
  2 steam dragons (D:7)
  Edmund (D:6)
  A water moccasin (D:5)
  Duvessa (D:7)
  A sky beast (D:6)
  3 black bears
  3 ice beasts
  An ogre (D:5)
  A phantom (D:4)
  A kobold brigand (D:6)
  5 bullfrogs
  A necrophage (D:4)
  4 scorpions
  4 wights (D:7)
  Dowan (D:7)
  A howler monkey (D:6)
  2 jellies
  4 orc priests
  A gnoll bouda (D:7)
  5 hounds
  5 iguanas
  4 orc wizards (D:5)
  3 gnolls (D:7)
  5 adders
  3 river rats (D:3)
  A shadow imp (D:7)
  A white imp (D:7)
  5 worms
  A dart slug (D:3)
  15 orcs
  12 ball pythons
  4 bats
  14 endoplasms
  18 giant cockroaches
  9 goblins
  4 hobgoblins
  2 jackals (D:1)
  5 quokkas
  11 frilled lizards
  8 kobolds
  10 rats
187 creatures vanquished.

Notes
Turn   | Place    | Note
-------+----------+-------------------------------------------
     0 | D:1      | mistaj the Vine Stalker Fighter began the quest for the
                  | Orb.
     0 | D:1      | Reached XP level 1. HP: 11/11 MP: 2/2
    34 | D:1      | Found Alixal's Assorted Antiques.
   111 | D:1      | Reached XP level 2. HP: 15/16 MP: 3/3
   319 | D:1      | Reached XP level 3. HP: 20/20 MP: 4/4
   806 | D:1      | Found a faded altar of an unknown god.
  1287 | D:2      | Found a hide-covered altar of Uskayaw.
  1844 | D:3      | Found Feal's Magic Scroll Boutique.
  1845 | D:3      | Identified the +0 sling of the Chewing Blowfly {heavy,
                  | rElec}
  1900 | D:3      | HP: 1/20 [river rat (2)]
  1937 | D:3      | Gained mutation: Your natural rate of healing is unusually
                  | fast. [Vine Stalker growth]
  1937 | D:3      | Reached XP level 4. HP: 9/24 MP: 5/5
  2008 | D:3      | Found a glowing drain.
  2016 | Sewer    | Entered a sewer
  2109 | Sewer    | Reached XP level 5. HP: 28/28 MP: 6/6
  2291 | Sewer    | Reached XP level 6. HP: 33/33 MP: 7/7
  2718 | D:3      | Found a snail-covered altar of Cheibriados.
  2916 | D:3      | Found Jileelom's Magic Scroll Shop.
  2958 | D:4      | Identified the +2 robe "Haffewn" {rC+ Regen+ Str+4 Stlth-}
  3371 | D:4      | Reached XP level 7. HP: 35/38 MP: 6/8
  3497 | D:4      | Found an ornate altar of the Wu Jian Council.
  3497 | D:4      | Found a glowing silver altar of Zin.
  3663 | D:5      | Entered Level 5 of the Dungeon
  3746 | D:5      | Reached skill level 5 in Shields
  3767 | D:5      | Got the Annotations on Transposition
  3773 | D:5      | Found a staircase to the Ecumenical Temple.
  3792 | D:5      | Reached skill level 5 in Fighting
  3792 | D:5      | Reached skill level 5 in Unarmed Combat
  3822 | Temple   | Entered the Ecumenical Temple
  4011 | Temple   | Became a worshipper of Gozag Ym Sagoz the Greedy
  4139 | D:5      | Gained mutation: You have razor-sharp teeth. [Vine Stalker
                  | growth]
  4139 | D:5      | Reached XP level 8. HP: 18/43 MP: 7/9
  4966 | D:6      | Noticed Edmund
  5010 | D:6      | Killed Edmund
  5017 | D:6      | Reached XP level 9. HP: 35/49 MP: 8/10
  5505 | D:6      | Noticed Maggie
  5524 | D:6      | Killed Maggie
  6441 | D:7      | Gained mutation: You are frail. (-10% HP) [potion of
                  | mutation]
  6441 | D:7      | Gained mutation: Your muscles are strong. (Str +4, Int/Dex
                  | -1) [potion of mutation]
  6441 | D:7      | Gained mutation: You heal very quickly. [potion of
                  | mutation]
  6442 | D:7      | Lost mutation: Your muscles are strong. (Str +4, Int/Dex
                  | -1) [potion of mutation]
  6442 | D:7      | Lost mutation: You heal very quickly. [potion of mutation]
  6442 | D:7      | Lost mutation: You are frail. (-10% HP) [potion of
                  | mutation]
  6442 | D:7      | Gained mutation: You are partially covered in iridescent
                  | scales. (AC +2) [potion of mutation]
  6442 | D:7      | Gained mutation: You heal very quickly. [potion of
                  | mutation]
  6442 | D:7      | Gained mutation: You are vulnerable to heat. (rF-) [potion
                  | of mutation]
  6443 | D:7      | Lost mutation: You are partially covered in iridescent
                  | scales. (AC +2) [potion of mutation]
  6443 | D:7      | Lost mutation: You are vulnerable to heat. (rF-) [potion of
                  | mutation]
  6443 | D:7      | Lost mutation: You heal very quickly. [potion of mutation]
  6443 | D:7      | Gained mutation: You possess an exceptional clarity of
                  | mind. [potion of mutation]
  6443 | D:7      | Gained mutation: You have a pair of small horns on your
                  | head. [potion of mutation]
  6443 | D:7      | Gained mutation: You passively map a small area around you.
                  | [potion of mutation]
  6462 | D:7      | Lost mutation: You passively map a small area around you.
                  | [potion of mutation]
  6462 | D:7      | Lost mutation: You possess an exceptional clarity of mind.
                  | [potion of mutation]
  6462 | D:7      | Gained mutation: You occasionally lose the ability to drink
                  | potions when taking damage. [potion of mutation]
  6462 | D:7      | Gained mutation: You are robust. (+10% HP) [potion of
                  | mutation]
  6463 | D:7      | Lost mutation: You have a pair of small horns on your head.
                  | [potion of mutation]
  6463 | D:7      | Lost mutation: You are robust. (+10% HP) [potion of
                  | mutation]
  6463 | D:7      | Gained mutation: Your magical capacity is low. (-10% MP)
                  | [potion of mutation]
  6463 | D:7      | Gained mutation: You passively map a small area around you.
                  | [potion of mutation]
  6464 | D:7      | Lost mutation: You occasionally lose the ability to drink
                  | potions when taking damage. [potion of mutation]
  6464 | D:7      | Lost mutation: You passively map a small area around you.
                  | [potion of mutation]
  6464 | D:7      | Gained mutation: You are dopey. (Int -2) [potion of
                  | mutation]
  6464 | D:7      | Gained mutation: You are very dopey. (Int -4) [potion of
                  | mutation]
  6464 | D:7      | Gained mutation: Your muscles are strong. (Str +4, Int/Dex
                  | -1) [potion of mutation]
  6464 | D:7      | Gained mutation: Your system is resistant to poisons.
                  | (rPois) [potion of mutation]
  6465 | D:7      | Lost mutation: You are very dopey. (Int -4) [potion of
                  | mutation]
  6465 | D:7      | Lost mutation: Your muscles are strong. (Str +4, Int/Dex
                  | -1) [potion of mutation]
  6465 | D:7      | Gained mutation: You are vulnerable to cold. (rC-) [potion
                  | of mutation]
  6709 | D:7      | Found a white marble altar of Elyvilon.
  6747 | D:7      | Reached XP level 10. HP: 16/56 MP: 4/10
  6937 | D:7      | Noticed Duvessa
  6937 | D:7      | Noticed Dowan
  6948 | D:7      | Killed Duvessa
  6953 | D:7      | Killed Dowan
  7318 | D:7      | Slain by a hornet

Illustrated notes

Levels and vault maps discovered:
D:1:      minmay_arrival_open_corners, layout_loops_corners, serial_shops,
          nicolae_shop_behind_doors, chequers_ecumenical_altar_lobes,
          hangedman_abyss_or_decor_lesser_grid, st_stairs_5
D:2:      layout_basic, basic_altar
D:3:      layout_rooms, cheibrodos_worm_habitat, serial_shops, shop,
          nicolae_shop_advertising_works [nicolae_subvault_shop_adworks],
          lightli_sewer_entry_pipes, minmay_fractal_squares_gapless_5
D:4:      layout_gridville, gammafunk_temple_overflow_elements
D:5:      layout_basic, minmay_temple_entry_large_hall, kennysheep_nondescript,
          serial_bayou_pond_e, minmay_misc_feat_secret_circle
D:6:      layout_basic, serial_rivers, chequers_serial_rivers_room_a,
          chequers_serial_rivers_large_a, chequers_serial_rivers_large_b,
          chequers_serial_rivers_micro_c, chequers_serial_rivers_micro_a,
          chequers_serial_rivers_small_3, uniq_maggie, uniq_edmund
D:7:      layout_loops_cross, mainiacjoe_overflow_chevrons, uniq_duvessa
D:8:      layout_rooms, serial_shops, nicolae_take_the_stairs
Temple:   regret_index_temple_mists

Skill      XL: |  1  2  3  4  5  6  7  8  9 10 |
---------------+-------------------------------+-----
Fighting       | 3 4 5 6 7 8 |  8.1
Shields        | 3 4 5 6 7 8 |  8.1
Unarmed Combat | 3 4 5 6 8 |  8.6
Armour         | |  2.4

Action                     |  1- 3 |  4- 6 |  7- 9 | 10-12 || total
---------------------------+-------+-------+-------+-------++-------
  Melee: Unarmed           |   135 |   291 |   301 |    65 ||   792
         Bite              |    30 |    59 |   103 |    26 ||   218
    Use: Scroll            |     3 |       |    10 |       ||    13
         Potion            |       |       |     7 |       ||     7
   Stab: Distracted        |       |       |     2 |     1 ||     3
 Armour: Scale mail        |    29 |       |    65 |    20 ||   114
         Plate armour      |    13 |   158 |    19 |       ||   190
         Robe              |       |       |     4 |       ||     4
  Dodge: Dodged            |    57 |    76 |    86 |    27 ||   246
  Block: Buckler           |    15 |    63 |     8 |       ||    86
         Kite shield       |       |       |   105 |    42 ||   147

Table legend: (Time is in decaauts)
 A = Elapsed time spent in this place.
 B = Non-inter-level travel time spent in this place.
 C = Inter-level travel time spent in this place.
 D = Time resting spent in this place.
 E = Time spent auto-exploring this place.
 F = Levels seen in this place.
 G = Mean time per level.
                   A        B        C        D        E       F      G
               +--------+--------+--------+--------+--------+-----+--------+
         Total |   7561 |   7320 |    241 |    712 |   4570 |  10 |  756.1 |
       Dungeon |   6770 |   6579 |    191 |    710 |   4223 |   8 |  846.2 |
        Temple |    277 |    228 |     49 |      0 |    184 |   1 |  277.0 |
         Sewer |    513 |    513 |      0 |      2 |    162 |   1 |  513.0 |
               +--------+--------+--------+--------+--------+-----+--------+

Top non-repeatable levels by time:
     D:6: 1290 daAuts
     D:5: 1048 daAuts
     D:7: 1034 daAuts
     D:1: 984 daAuts
     D:2: 846 daAuts
     D:3: 733 daAuts
     D:4: 713 daAuts
   Sewer: 513 daAuts
  Temple: 277 daAuts
     D:8: 118 daAuts
